 Dungeon Crawl Stone Soup version 0.27.1-3-gb3d3a73c9e (webtiles) character file.

Game seed: 11692652873180294029

11 AarnesTheHuman the Covered (level 2, 25/25 HPs)
             Began as a Barachi Fighter on Oct 27, 2021.
             Was a Follower of Kikubaaqudgha.
             Got out of the dungeon alive.
             The game lasted 00:00:45 (597 turns).

AarnesTheHuman the Covered (Barachi Fighter)         Turns: 597, Time: 00:00:45

Health: 25/25      AC:  7    Str: 17    XL:     2   Next: 25%
Magic:  2/2        EV:  7    Int:  8    God:    Kikubaaqudgha [*.....]
Gold:   31         SH:  9    Dex: 11    Spells: 1/1 levels left

rFire    . . .     SeeInvis .   a - +0 long sword
rCold    . . .     Faith    .   c - +0 kite shield
rNeg     . . .     Spirit   .   b - +0 scale mail
rPois    .         Reflect  .   (no helmet)
rElec    .         Harm     .   (no cloak)
rCorr    .         Rampage  .   (no gloves)
Will     .....                  (no boots)
Stlth    ..........             (no amulet)
HPRegen  0.08/turn              (no ring)
MPRegen  0.08/turn              (no ring)

@: slow
A: amphibious, slowness 1, strong legs 1, +LOS
a: Hop, Renounce Religion, Receive Corpses


You escaped.
You worshipped Kikubaaqudgha.
Kikubaaqudgha was aware of your devotion.
You visited 1 branch of the dungeon, and saw 1 of its levels.

You collected 31 gold pieces.

Inventory:

Hand Weapons
 a - a +0 long sword (weapon)
Armour
 b - a +0 scale mail (worn)
 c - a +0 kite shield (worn)
Scrolls
 e - a scroll of immolation {unknown}
 f - a scroll of summoning {unknown}
Potions
 d - a potion of might


   Skills:
 + Level 3.8 Fighting
 + Level 2.6 Long Blades
 + Level 3.8 Armour
 * Level 3.6 Shields


You had one spell level left.
You didn't know any spells.
Your spell library contained the following spells:

 Spells                   Type           Power      Damage    Failure   Level
 Animate Skeleton         Necr           0%         N/A       99%         1
 Pain                     Necr           0%         1d4       99%         1
 Sublimation of Blood     Necr           0%         N/A       100%        2
 Vampiric Draining        Necr           0%         2d6       100%        3


Dungeon Overview and Level Annotations

Branches:
Dungeon (1/15)

Altars:
Kikubaaqudgha


Innate Abilities, Weirdness & Mutations

You are amphibious.
You cover ground slowly.
You can hop short distances.
You have an extended range of vision and can be seen from far away.


Message History

You closely miss the ball python. The ball python bites you.
The ball python constricts you.
You hit the ball python.
The ball python is severely wounded.
You block the ball python's attack. The ball python constricts you.
You block the ball python's attack. The ball python constricts you.
You hit the ball python.
You kill the ball python!
The kobold throws a stone.
The stone hits you but does no damage. The kobold hits you but does no damage.
You barely miss the kobold. The kobold barely misses you.
You hit the kobold.
You kill the kobold!
The kobold throws a stone.
The stone barely misses you.
You hit the kobold.
You kill the kobold!
No target in view!
No target in view!
No target in view!
There is a faded altar of an unknown god here.
You cannot tell which god this altar belongs to.
Convert to them anyway?
Kikubaaqudgha accepts your prayer! Kikubaaqudgha welcomes you!
You can now receive cadavers from Kikubaaqudgha.
Kikubaaqudgha grants you a gift!
You add the spells Pain, Sublimation of Blood, Animate Skeleton and Vampiric Draining to your library.
Items here: ( )) †.
You see here a +0 dagger.
A kobold comes into view. It is wielding a +0 whip.
You can't go up here!
A kobold is nearby!
You slash the kobold!
You kill the kobold!
Kikubaaqudgha accepts your kill.
No target in view!
No target in view!
There is an open door here.
There is a staircase leading out of the dungeon here.
Are you sure you want to leave the Dungeon?
This will make you lose the game!
You have escaped!

#..≈≈≈. ##.....
#.###.... ##.###.†.#
.......#.# ###
##.###...# ##.## #.#
###.# ##...##### #.#
#.# #≈.@.≈#..# #.#
#.. #≈...≈##.# #.#
### #≈...≈#..###.##
#≈...≈##..#...#### #
#≈...≈##.........###
##...###..#...##....
#...#...###.#######
+8.8'.#.# #.# #
##.##.#.# #.# #


There were no monsters in sight!

Vanquished Creatures
  4 kobolds (D:1)
  2 quokkas (D:1)
  3 ball pythons (D:1)
  2 rats (D:1)
11 creatures vanquished.

Notes
Turn   | Place    | Note
-------+----------+-------------------------------------------
     0 | D:1      | AarnesTheHuman the Barachi Fighter began the quest for the
                  | Orb.
     0 | D:1      | Reached XP level 1. HP: 18/18 MP: 1/1
   531 | D:1      | Found a faded altar of an unknown god.
   540 | D:1      | Reached XP level 2. HP: 22/25 MP: 2/2
   550 | D:1      | Became a worshipper of Kikubaaqudgha
   550 | D:1      | Reached * piety under Kikubaaqudgha
   550 | D:1      | Received a gift from Kikubaaqudgha
   597 | D:$      | Got out of the dungeon alive.

Illustrated notes

Levels and vault maps discovered:
D:1:      wander_arrival_chamber, layout_loops_ring, basic_ecumenical_altar,
          grunt_decor_cap, minmay_tree_intersection,
          chequers_serial_rivers_large_a, moated_statue, minmay_vboxes

Action                   || total
-------------------------++-------
Melee: Long sword        ||    37
Armor: Scale mail        ||    13
Dodge: Dodged            ||    14
Block: Kite shield       ||    23
